 Dungeon Crawl Stone Soup version 0.32-a0-540-g866d13106e (webtiles) character file.

Game seed: 13573615585479898904

333 Dittersdorf the Covered (level 6, -3/40 HPs)
             Began as a Gargoyle Fighter on Feb 28, 2024.
             Slain by Edmund
             ... wielding a +2 heavy flail
              (9 damage)
             ... in the Ecumenical Temple.
             The game lasted 00:02:17 (2243 turns).

Dittersdorf the Covered (Gargoyle Fighter)          Turns: 2243, Time: 00:02:17

Health: -3/40      AC: 12    Str: 21    XL:     6   Next: 52%
Magic:  6/6        EV:  9    Int:  9    God:
Gold:   166        SH:  4    Dex:  9    Spells: 5/5 levels left

rFire   . . .        n - +0 morningstar
rCold   . . .        c - +0 buckler
rNeg    + . .        b - +0 scale mail
rPois   ∞            (no helmet)
rElec   +            (no cloak)
rCorr   .            g - +0 pair of gloves
SInv    .            (no boots)
Will    .....        e - amulet of the acrobat Stlth
                     (no ring)
HPRegen 0.26/turn    (no ring)
MPRegen 0.10/turn

%: acrobat
@: no status effects
A: sickness immunity, AC +4, negative energy resistance 1, electricity
resistance, torment resistance 1, petrification resistance
a: no special abilities


You were in the Ecumenical Temple.
You visited 2 branches of the dungeon, and saw 5 of its levels.

You collected 166 gold pieces.

Inventory:

Hand Weapons
 n - a +0 morningstar (weapon)
Armour
 b - a +0 scale mail (worn)
 c - a +0 buckler (worn)
 g - a +0 pair of gloves (worn)
Jewellery
 e - an amulet of the acrobat (around neck)
Scrolls
 j - a scroll of teleportation
 l - a scroll of fear
Potions
 a - a potion of enlightenment {unknown}
 d - a potion of might
 h - 2 potions of heal wounds {unknown}
 k - a potion of brilliance
 o - a potion of mutation


   Skills:
 + Level 4.8 Fighting
 + Level 3.7 Maces & Flails
 + Level 4.8 Armour
 + Level 4.8 Shields


You had 5 spell levels left.
You didn't know any spells.
Your spell library was empty.

Dungeon Overview and Level Annotations

Branches:
Dungeon (4/15)             Temple (1/1) D:4

Altars:
Ashenzari
Dithmenos
Elyvilon
Fedhas
Hepliaklqana
Kikubaaqudgha
Makhleb
Nemelex Xobeh
Okawaru
Qazlal
Trog
Uskayaw
Vehumet
Wu Jian
Xom
Yredelemnul
Zin
The Shining One

Annotations:
D:4 Menkaure
Temple Edmund


Innate Abilities, Weirdness & Mutations

You are immune to sickness and miasma.
Your stone body is resilient. (AC +4)
You are immune to poison.
You resist negative energy. (rN+)
You are resistant to electric shocks. (rElec)
You are resistant to unholy torment.
You are immune to petrification.


Message History

You climb downwards.
Welcome back to the Ecumenical Temple!
There is a staircase back to the Dungeon here.
You hit Edmund.
Edmund is lightly wounded.
The endoplasm closely misses you. The endoplasm freezes you.
You are frozen.
You block Edmund's attack.
You barely miss Edmund.
Edmund is lightly wounded.
The endoplasm freezes you.
You are frozen.
You puncture Edmund!
Edmund is moderately wounded.
Edmund hits you with a +2 heavy flail.
The endoplasm hits you but does no damage.
You sock Edmund!
Edmund is heavily wounded.
You block the endoplasm's attack. You block Edmund's attack.
The endoplasm misses you.
You sock Edmund!
Edmund is severely wounded.
Edmund hits you with a +2 heavy flail!
The endoplasm hits you but does no damage.
You closely miss Edmund.
Edmund is severely wounded.
The endoplasm hits you but does no damage.
You block Edmund's attack.
The endoplasm hits you but does no damage.
You closely miss Edmund.
Edmund is severely wounded.
Edmund hits you with a +2 heavy flail!
* * * LOW HITPOINT WARNING * * *
The endoplasm freezes you.
You are frozen.
* * * LOW HITPOINT WARNING * * *
You barely miss Edmund.
Edmund is severely wounded.
The endoplasm misses you. Edmund hits you with a +2 heavy flail!
You die...
Edmund whines, "They better pay attention to me now!"

#.........#...._...#.....##
#..........#.......#......##
##......_....#.....#..._....##
#..._.........#....#.........##
#............#.#...#..........#
#.........###...#..#......_....
##.....####.......##..._........
#..####....#..@.J..#............
####........#...@...#........####
............#.......#....####..#
........_...##.......####.....##
...._......#..#...###.........#
#..........#...#.#............#
##.........#....#........._...#
##...._...#.....#...._......##
##......#.......#..........#
##.....#..._....#.........#


You could see Edmund and an endoplasm.

Vanquished Creatures
  Sigmund (D:2)
  A bombardier beetle (D:3)
  An orc priest (D:3)
  An orc wizard (D:3)
  3 adders
  A ribbon worm (D:2)
  2 dart slugs (D:3)
  7 orcs (D:3)
  4 bats
  5 endoplasms
  A giant cockroach (D:3)
  A goblin (D:2)
  A hobgoblin (D:2)
  3 quokkas
  6 ball pythons
  A frilled lizard (D:2)
  2 kobolds (D:3)
  4 rats
45 creatures vanquished.

Notes
Turn   | Place    | Note
-------+----------+-------------------------------------------
     0 | D:1      | Dittersdorf the Gargoyle Fighter began the quest for the
                  | Orb.
     0 | D:1      | Reached XP level 1. HP: 14/14 MP: 1/1
   208 | D:1      | Found a faded altar of an unknown god.
   574 | D:2      | Reached XP level 2. HP: 19/19 MP: 2/2
   652 | D:2      | Reached XP level 3. HP: 22/24 MP: 3/3
   716 | D:2      | Noticed Sigmund
   739 | D:2      | Killed Sigmund
   740 | D:2      | Reached XP level 4. HP: 6/30 MP: 4/4
   740 | D:2      | Reached XP level 5. HP: 7/34 MP: 5/5
  1435 | D:3      | Reached XP level 6. HP: 39/39 MP: 6/6
  2218 | D:4      | Found a staircase to the Ecumenical Temple.
  2219 | D:4      | Noticed Edmund
  2224 | D:4      | Noticed Menkaure
  2227 | Temple   | Entered the Ecumenical Temple
  2243 | Temple   | Slain by Edmund

Illustrated notes

Levels and vault maps discovered:
D:1:      scummos_arrival_simple_crosswalls, layout_basic,
          chequers_ecumenical_altar_island, kennysheep_pointless_box
D:2:      layout_loops_ring, uniq_sigmund
D:3:      layout_loops_ring, nicolae_figureground_sparkle
D:4:      layout_basic, minmay_temple_entry_junction, serial_demonic,
          serial_demonic_c, serial_demonic_g, serial_demonic_f,
          serial_demonic_g, grunt_ministairs_15, uniq_menkaure, uniq_edmund
Temple:   mainiacjoe_temple_coin_purse

Skill      XL: |  1  2  3 |
---------------+----------+-----
Fighting       | 4 |  4.8
Maces & Flails | 3 |  3.7
Armour         | 4 |  4.8
Shields        | 4 |  4.8

Action                     |  1- 3 |  4- 6 || total
---------------------------+-------+-------++-------
  Melee: Flail             |    76 |    80 ||   156
         Morningstar       |       |    36 ||    36
    Use: Scroll            |       |     6 ||     6
 Armour: Scale mail        |    65 |   108 ||   173
  Dodge: Dodged            |    25 |    61 ||    86
  Block: Buckler           |    13 |    36 ||    49

Table legend: (Time is in decaauts)
 A = Elapsed time spent in this place.
 B = Non-inter-level travel time spent in this place.
 C = Inter-level travel time spent in this place.
 D = Time resting spent in this place.
 E = Time spent auto-exploring this place.
 F = Levels seen in this place.
 G = Mean time per level.
                   A        B        C        D        E       F      G
               +--------+--------+--------+--------+--------+-----+--------+
         Total |   2305 |   2105 |    200 |     45 |   1591 |   5 |  461.0 |
       Dungeon |   2288 |   2088 |    200 |     45 |   1591 |   4 |  572.0 |
        Temple |     16 |     16 |      0 |      0 |      0 |   1 |   16.0 |
               +--------+--------+--------+--------+--------+-----+--------+

Top non-repeatable levels by time:
     D:3: 925 daAuts
     D:2: 734 daAuts
     D:1: 594 daAuts
     D:4: 34 daAuts
  Temple: 16 daAuts
